 Dungeon Crawl Stone Soup version 0.27-a0-1591-gc56fcc985a (webtiles) character file.

Game seed: 12641320922505465354

984 Gwenloh the Chopper (level 7, -3/55 HPs)
             Began as a Black Draconian Warper on July 19, 2021.
             Slain by a wraith (10 damage)
             ... on level 4 of the Dungeon.
             The game lasted 00:21:47 (7815 turns).

Gwenloh the Chopper (Black Draconian Warper)        Turns: 7815, Time: 00:21:48

Health: -3/55      AC: 10    Str: 13    XL:     7   Next: 97%
Magic:  9/10       EV: 12    Int: 14    God:
Gold:   208        SH:  5    Dex: 12    Spells: 0/10 levels left

rFire    . . .     SeeInvis .   a - +0 war axe
rCold    . . .     Faith    .   i - +0 buckler
rNeg     . . .     Spirit   .   (armour unavailable)
rPois    .         Reflect  .   (helmet restricted)
rElec    +         Harm     .   (no cloak)
rCorr    .         Rampage  .   (no gloves)
Will     .....                  (no boots)
Stlth    +.........             (no amulet)
HPRegen  0.18/turn              u - +4 ring of protection
MPRegen  0.12/turn              (no ring)

@: short of breath, slowed, very slow
A: breathe lightning, AC +6, unfitting armour, electricity resistance,
cold-blooded
a: Breathe Lightning


You were on level 4 of the Dungeon.
You visited 1 branch of the dungeon, and saw 5 of its levels.

You collected 238 gold pieces.
You spent 30 gold pieces at shops.

Inventory:

Hand Weapons
 a - a +0 war axe (weapon)
 t - a +0 hand axe
Missiles
 j - 56 stones
 p - a throwing net
 s - 3 boomerangs (quivered)
Armour
 i - a +0 buckler (worn)
Jewellery
 u - a +4 ring of protection (left hand)
Wands
 x - a wand of flame (3)
Scrolls
 b - a scroll of blinking
 c - a scroll of enchant weapon {unknown}
 d - 2 scrolls of identify {unknown}
 g - a scroll of holy word {unknown}
 k - a scroll of torment {unknown}
 l - 3 scrolls of teleportation
 m - a scroll of acquirement {unknown}
 o - 2 scrolls of noise {unknown}
 q - a scroll of magic mapping {unknown}
 r - 3 scrolls of fog {unknown}
Potions
 e - 2 potions of mutation {unknown}
 f - a potion of magic {unknown}
 h - 2 potions of berserk rage
 n - 3 potions of attraction {unknown}
 v - 2 potions of curing
 w - a potion of flight {unknown}


   Skills:
 - Level 2.1 Fighting
 * Level 7.1 Axes
 - Level 0.8 Throwing
 - Level 2.1 Dodging
 + Level 3.9 Shields
 - Level 2.0 Spellcasting
 + Level 5.4 Translocations


You couldn't memorise any spells.
You knew the following spells:

 Your Spells              Type           Power      Damage    Failure   Level
a - Blink                 Tloc           N/A        N/A       4%          2
b - Gell's Gravitas       Tloc           8%         N/A       8%          3
c - Manifold Assault      Tloc           16%        N/A       58%         5

Your spell library contained the following spells:

 Spells                   Type           Power      Damage    Failure   Level
 Lesser Beckoning         Tloc           8%         N/A       8%          3
 Teleport Other           Tloc           16%        N/A       8%          3
 Portal Projectile        Hex/Tloc       16%        N/A       24%         3
 Call Canine Familiar     Summ           1%         N/A       56%         3
 Leda's Liquefaction      Hex/Erth       0%         N/A       93%         4
 Dispersal                Tloc           8%         N/A       99%         6
 Disjunction              Tloc           8%         N/A       100%        8


Dungeon Overview and Level Annotations

Branches:
Dungeon (5/15)
 Temple: D:4-7

Altars:

Shops:
D:1 *   D:2 ?   D:4 [

Annotations:
D:4 2 transporters


Innate Abilities, Weirdness & Mutations

You can breathe wild blasts of lightning.
Your glossy black scales are hard. (AC +6)
You cannot fit into any form of body armour.
You are resistant to electric shocks. (rElec)
You are cold-blooded and may be slowed by cold attacks.


Message History

The phantom is heavily damaged.
The orb of electricity engulfs you. You resist.
You hear a mighty clap of thunder!
The bolt of lightning misses you.
The zap hits the phantom.
The phantom is severely damaged.
You hear a shout! x3
The phantom hits you but does no damage.
You hit the phantom.
The phantom is almost destroyed.
The phantom hits you.
The phantom blinks!
You blink.
You miss the phantom.
The phantom is almost destroyed.
You block the phantom's attack.
You hit the phantom but do no damage.
The phantom is almost destroyed.
The phantom hits you!
The phantom blinks!
You blink.
A sky beast comes into view.
You slash the phantom!
You destroy the phantom!
The wraith hits you!
Your Axes skill increases to level 7!
Casting: Blink (safe; 4% risk of failure)
Confirm with . or Enter, or press ? or * to list all spells.
You blink.
You see here a +0 club.
There is a stone staircase leading up, spattered with blood here.
You climb upwards.
Level annotation: 2 transporters
There is a stone staircase leading down, spattered with blood here.
You barely miss the wraith. The wraith hits you. The wraith drains your vigour!
You feel yourself slow down. The wraith barely misses you.
You hit the wraith but do no damage. The wraith hits you but does no damage.
You barely miss the wraith.
Your tail-slap misses the wraith.
You block the wraith's attack. The wraith hits you.
You barely miss the wraith. The wraith hits you!
* * * LOW HITPOINT WARNING * * *
The wraith drains your vigour!
You feel as though you will be slow longer.
The wraith hits you!
You die...

##.# ##.#### #.....#
#.###.####
##.......##
##..♣...♣..##
###...........# ##
#.#.....♣.....# .#
##.#..<.....@..# .##
#.##.....♣.W)..#
..###..#...........#
..#....##..♣...♣..##
........##.......##
....##....########
.....##>...##
......##....##
####....##...##


You could see a wraith.

Vanquished Creatures
  Sigmund (D:5)
  Menkaure (D:4)
  2 ogres
  A phantom (D:5)
  A scorpion (D:4)
  A jelly (D:3)
  An orc priest (D:5)
  A gnoll shaman (D:4)
  Ijyb (D:3)
  2 iguanas (D:4)
  An orc wizard (D:3)
  5 gnolls
  5 adders
  An adder skeleton (D:5)
  4 worms
  14 orcs
  6 endoplasms
  3 goblins
  12 hobgoblins
  17 jackals
  3 quokkas
  4 ball pythons
  3 bats
  2 frilled lizards (D:2)
  7 kobolds
  3 rats
102 creatures vanquished.

Vanquished Creatures (others)
  2 plants (D:1)
2 creatures vanquished.

Grand Total: 104 creatures vanquished

Notes
Turn   | Place    | Note
-------+----------+-------------------------------------------
     0 | D:1      | Gwenloh the Draconian Warper began the quest for the Orb.
     0 | D:1      | Reached XP level 1. HP: 17/17 MP: 3/3
   352 | D:1      | Found Zealli's Assorted Antiques.
   419 | D:1      | Reached XP level 2. HP: 13/24 MP: 5/5
   559 | D:1      | Learned a level 2 spell: Blink
   743 | D:1      | You fall into a shaft and drop 1 floor!
   751 | D:2      | Reached skill level 3 in Axes
   929 | D:2      | Reached XP level 3. HP: 17/29 MP: 6/6
  1679 | D:2      | Learned a level 3 spell: Gell's Gravitas
  1799 | D:2      | Found Numit's Magic Scroll Boutique.
  1804 | D:2      | Bought a scroll of teleportation for 30 gold pieces
  3163 | D:3      | Reached XP level 4. HP: 23/36 MP: 7/7
  3518 | D:3      | Found a faded altar of an unknown god.
  3563 | D:3      | Reached skill level 4 in Axes
  3754 | D:3      | Reached skill level 1 in Shields
  4181 | D:3      | Noticed Ijyb
  4670 | D:4      | Reached XP level 5. HP: 40/41 MP: 4/8
  4739 | D:4      | Noticed Menkaure
  5251 | D:4      | Reached skill level 5 in Axes
  5276 | D:4      | Reached XP level 6. HP: 12/48 MP: 9/9
  5523 | D:3      | Killed Ijyb
  5697 | D:4      | Found a transporter.
  5882 | D:4      | Killed Menkaure
  6321 | D:4      | Found a transporter.
  6338 | D:4      | Found Beheghit's Antique Armour Shop.
  6744 | D:5      | Entered Level 5 of the Dungeon
  6770 | D:5      | Noticed Sigmund
  6782 | D:5      | Reached skill level 6 in Axes
  6782 | D:5      | Your scales start taking on a glossy black colour.
  6782 | D:5      | Reached XP level 7. HP: 55/55 MP: 10/10
  6782 | D:5      | Gained mutation: You are resistant to electric shocks.
                  | (rElec) [Black Draconian growth]
  7324 | D:5      | Noticed a wraith
  7681 | D:4      | Reached skill level 5 in Translocations
  7783 | D:5      | Killed Sigmund
  7792 | D:5      | Learned a level 5 spell: Manifold Assault
  7803 | D:5      | Reached skill level 7 in Axes
  7815 | D:4      | Slain by a wraith

Illustrated notes

Levels and vault maps discovered:
D:1:      denvon_arrival_planthouse, layout_basic, serial_shops, shop,
          minmay_small_reverse_x
D:2:      layout_basic, serial_shops, shop_scrolls
D:3:      layout_basic, hellmonk_ecumenical_altar_zigzags, uniq_ijyb
D:4:      gammafunk_wand_slinger, layout_cave_pods, serial_shops,
          nicolae_shop_crystal, grunt_ministairs_10, uniq_menkaure
D:5:      layout_rooms, mainiacjoe_overflow_chevrons, uniq_sigmund

Skill      XL: |  1  2  3  4  5  6  7 |
---------------+----------------------+-----
Axes           | 3 4 5 6 7 |  7.1
Shields        | 1 2 3 |  3.9
Translocations | 4 5 |  5.4
Fighting       | |  2.1
Throwing       | |  0.8
Dodging        | |  2.1
Spellcasting   | |  2.0

Action                   |  1- 3 |  4- 6 |  7- 9 || total
-------------------------+-------+-------+-------++-------
Melee: Hand axe          |   148 |    26 |       ||   174
       Tailslap          |    11 |    25 |     5 ||    41
       War axe           |       |   166 |    46 ||   212
Throw: Dart              |    53 |    31 |       ||    84
       Boomerang         |     2 |     7 |    17 ||    26
       Stone             |       |    41 |       ||    41
 Cast: Gell's Gravitas   |       |     3 |     2 ||     5
       Blink             |       |       |     2 ||     2
 Abil: Breathe Lightning |       |       |     7 ||     7
Evoke: Wand              |       |     4 |     4 ||     8
 Stab: Sleeping          |     1 |       |       ||     1
Armor: Skin              |    25 |    62 |    39 ||   126
Dodge: Dodged            |    84 |   130 |    39 ||   253
Block: Buckler           |       |    36 |    18 ||    54

Table legend: (Time is in decaauts)
 A = Elapsed time spent in this place.
 B = Non-inter-level travel time spent in this place.
 C = Inter-level travel time spent in this place.
 D = Time resting spent in this place.
 E = Time spent auto-exploring this place.
 F = Levels seen in this place.
 G = Mean time per level.
                   A        B        C        D        E       F      G
               +--------+--------+--------+--------+--------+-----+--------+
         Total |   7929 |   7565 |    364 |   1838 |   4244 |   5 | 1585.8 |
       Dungeon |   7929 |   7565 |    364 |   1838 |   4244 |   5 | 1585.8 |
               +--------+--------+--------+--------+--------+-----+--------+

Top non-repeatable levels by time:
     D:3: 2544 daAuts
     D:2: 1975 daAuts
     D:4: 1967 daAuts
     D:1: 1172 daAuts
     D:5: 269 daAuts
